Map: Jagannatha LE

Players

DisK - Winner!

  • Race: Protoss Protoss

JonSnow

  • Race: Zerg Zerg

Event: DreamHack SC2 Masters 2021 Fall

VOD

Have the link to the VOD?

Description

Time

  • Played on: Aug. 6, 2021, 4:28 p.m.
  • Length: 19:19

All games in this series

Show
View Real Time Build Order
Export as new Build Order

DisK Protoss - Winner!

Build Orders: 1 Gate Expand, Oracle Opening, Archon Immortal 

Get SALT Encoding   

  12  0:00  Probe  
  13  0:12  Probe  
  14  0:20  Pylon  
  14  0:24  Probe  
  15  0:38  Probe (Chrono Boost)  
  15  0:39  Gateway  
  16  0:48  Assimilator, Probe (Chrono Boost)  
  17  0:53  Probe (Chrono Boost)  
  18  1:04  Probe  
  19  1:16  Probe  
  20  1:25  Nexus  
  20  1:35  Cybernetics Core  
  20  1:37  Probe  
  21  1:44  Assimilator  
  21  1:49  Probe  
  21  1:53  Pylon  
  22  2:01  Probe (Chrono Boost)  
  23  2:09  Adept (Chrono Boost)  
  23  2:15  Probe (Chrono Boost)  
  26  2:19  Stargate  
  26  2:22  Probe  
  26  2:26  Warp Gate  
  28  2:38  Probe x2 (Chrono Boost)  
  29  2:44  Adept  
  29  2:47  Probe (Chrono Boost)  
  29  2:49  Probe (Chrono Boost)  
  32  2:52  Probe (Chrono Boost)  
  32  2:58  Gateway  
  33  3:08  Oracle (Chrono Boost)  
  33  3:09  Probe  
  33  3:12  Probe  
  38  3:19  Pylon  
  38  3:21  Probe  
  38  3:24  Probe  
  40  3:29  Adept  
  40  3:33  Shield Battery, Probe  
  43  3:37  Shield Battery  
  43  3:41  Probe  
  43  3:45  Probe  
  45  3:53  Probe  
  45  3:54  Pylon, Oracle (Chrono Boost)  
  44  3:58  Probe  
  48  4:05  Probe  
  49  4:10  Probe  
  50  4:18  Nexus  
  50  4:22  Pylon  
  50  4:23  Probe x2  
  52  4:25  Assimilator  
  52  4:29  Adept  
  52  4:30  Assimilator  
  54  4:33  Stalker  
  54  4:35  Probe (Chrono Boost)  
  54  4:38  Probe (Chrono Boost)  
  58  4:40  Shield Battery  
  58  4:50  Probe (Chrono Boost)  
  60  4:53  Pylon, Probe (Chrono Boost)  
  60  4:56  Probe (Chrono Boost)  
  60  4:57  Oracle  
  65  5:00  Probe (Chrono Boost)  
  65  5:04  Gateway  
  65  5:05  Gateway  
  66  5:07  Probe  
  66  5:12  Sentry x2  
  70  5:18  Probe  
  70  5:19  Probe  
  72  5:23  Twilight Council  
  72  5:32  Forge  
  72  5:33  Probe x2 (Chrono Boost)  
  72  5:34  Probe (Chrono Boost)  
  75  5:40  Oracle  
  78  5:45  Probe x2 (Chrono Boost)  
  78  5:46  Pylon  
  81  5:50  Probe (Chrono Boost)  
  81  5:51  Probe (Chrono Boost)  
  81  5:52  Probe (Chrono Boost)  
  81  5:55  Protoss Ground Weapons Level 1 (Chrono Boost)  
  83  5:57  Robotics Facility  
  83  5:58  Charge (Chrono Boost), Probe  
  83  6:00  Assimilator x2  
  83  6:03  Templar Archives  
  84  6:07  Probe x2  
  86  6:25  Probe x3  
  88  6:31  Stalker  
  88  6:32  Stalker x3  
  97  6:37  Probe x2  
  97  6:38  Probe  
  100  6:41  Gateway x2  
  100  6:42  Pylon  
  100  6:46  Pylon  
  100  6:49  Probe  
  100  6:51  Psionic Storm  
  100  6:52  Pylon  
  101  6:55  Nexus  
  101  6:57  Pylon  
  101  7:12  High Templar x3  
  101  7:13  Zealot  
  109  7:17  Nexus, Archon  
  109  7:25  Immortal (Chrono Boost)  
  109  7:27  Shield Battery  
  109  7:28  Gateway  
  109  7:29  Gateway  
  113  7:39  High Templar x2  
  117  7:45  Probe x2  
  117  7:49  Pylon, High Templar x2  
  117  7:50  Zealot x2  
  127  7:54  Gateway  
  127  7:55  Pylon, Gateway  
  127  8:04  Photon Cannon  
  125  8:06  Shield Battery  
  125  8:09  Immortal (Chrono Boost)  
  125  8:10  Pylon  
  126  8:14  Shield Battery  
  126  8:15  Stalker x2  
  126  8:16  Shield Battery x2  
  126  8:17  Shield Battery  
  124  8:23  Stalker x4  
  124  8:24  Stalker  
  131  8:37  Zealot  
  131  8:41  Stalker x2  
  131  8:45  Immortal (Chrono Boost)  
  132  8:51  Zealot  
  132  8:52  Zealot x5  
  126  9:11  Stalker  
  126  9:12  Zealot x8  
  126  9:13  Zealot  
  126  9:14  Blink (Chrono Boost)  
  126  9:16  Archon  
  136  9:27  Protoss Ground Weapons Level 2 (Chrono Boost)  
  128  9:33  High Templar x2  
  128  9:34  High Templar x3  
  128  9:35  Nexus  
  136  9:47  Pylon  
  136  9:50  Stalker  
  138  9:56  Immortal  
  138  9:57  Zealot  
  138  9:58  Zealot x2  
  146  10:02  Pylon  
  146  10:07  Zealot x4  
  150  10:11  Photon Cannon  
  154  10:14  Photon Cannon  
  154  10:18  Shield Battery  
  154  10:20  Probe x3  
  155  10:33  Stalker x4  
  149  10:44  Pylon  
  149  10:50  Robotics Bay  
  149  10:56  High Templar x2  
  153  10:58  Stalker x4  
  153  11:02  Nexus  
  147  11:06  Pylon  
  147  11:11  Observer  
  148  11:18  Robotics Facility  
  148  11:21  Pylon  
  148  11:25  Zealot x5  
  156  11:32  Photon Cannon  
  156  11:33  Shield Battery  
  156  11:37  Shield Battery  
  148  11:50  Immortal (Chrono Boost)  
  152  12:00  Probe  
  152  12:01  Probe x2  
  155  12:02  Pylon  
  155  12:03  Disruptor (Chrono Boost)  
  154  12:11  Pylon  
  154  12:13  Probe  
  149  12:17  Photon Cannon  
  149  12:18  Pylon  
  149  12:22  Assimilator  
  149  12:23  Assimilator  
  149  12:24  High Templar x4  
  149  12:26  Zealot x3  
  149  12:28  Archon  
  149  12:29  Archon  
  163  12:39  Stalker x3  
  165  12:51  Probe x4  
  162  13:03  Probe  
  159  13:07  Pylon  
  159  13:08  Disruptor x2  
  165  13:13  Zealot x2  
  165  13:14  Zealot x5  
  179  13:23  Shield Battery, Photon Cannon  
  169  13:40  Protoss Ground Weapons Level 3 (Chrono Boost)  
  169  13:41  Stalker x4  
  138  13:54  Stalker x5  
  146  14:06  Disruptor x2 (Chrono Boost)  
  140  14:12  High Templar x2  
  140  14:13  High Templar  
  142  14:19  Stalker x3  
  142  14:20  Stalker x3  
  152  14:25  Zealot  
  154  14:33  Disruptor x2 (Chrono Boost)  
  160  14:45  Zealot x2  
  163  14:46  Stalker  
  163  14:47  Stalker x2  
  169  15:02  Gravitic Boosters  
  169  15:13  Dark Shrine  
  169  15:23  Zealot x6  
  149  15:38  Stalker x4  
  153  15:43  Immortal x2 (Chrono Boost)  
  153  15:48  Nexus  
  161  15:51  Pylon  
  149  16:12  Zealot x2  
  149  16:18  Zealot x3  
  149  16:19  Zealot x5  
  163  16:45  Photon Cannon  
  163  16:47  Photon Cannon  
  163  16:49  Shield Battery  
  163  16:51  Shield Battery, Colossus (Chrono Boost)  
  163  16:52  Colossus (Chrono Boost)  
  163  16:53  Pylon  
  163  16:55  Oracle  
  166  17:05  Extended Thermal Lance (Chrono Boost)  
  172  17:19  High Templar x3  
  172  17:20  High Templar x7  
  180  17:23  Archon  
  180  17:24  Archon x3  
  180  17:25  Archon  
  180  17:28  Photon Cannon  
  180  17:29  Assimilator x2  
  180  17:30  Photon Cannon  
  180  17:43  Warp Prism (Chrono Boost)  
  183  17:45  Observer (Chrono Boost)  
  183  17:52  Gateway  
  183  17:55  Gateway  
  140  18:15  Colossus x2  
  140  18:17  Stalker x6  
  140  18:18  Stalker x4  
  168  18:44  Zealot x2  
  168  18:45  Zealot x8  
  172  19:06  Archon  
  167  19:10  Zealot x4  
  167  19:11  Zealot  
Show
View Real Time Build Order
Export as new Build Order

JonSnow Zerg 

Build Orders: Hatch First 

Get SALT Encoding   

  12  0:01  Drone  
  13  0:12  Overlord  
  13  0:17  Drone  
  14  0:30  Drone x2  
  16  0:48  Hatchery  
  15  0:52  Drone  
  15  0:56  Drone  
  17  1:01  Drone  
  18  1:07  Extractor  
  17  1:16  Spawning Pool  
  16  1:20  Drone  
  17  1:25  Drone  
  17  1:28  Drone  
  19  1:39  Drone  
  20  1:50  Overlord  
  20  2:03  Queen x2  
  20  2:04  Zergling x4  
  26  2:12  Drone x2  
  28  2:17  Metabolic Boost  
  28  2:29  Drone x2  
  30  2:40  Hatchery  
  29  2:48  Drone x3  
  33  2:58  Zergling x6  
  33  3:05  Overlord  
  35  3:14  Overlord  
  35  3:23  Queen  
  36  3:29  Drone x5  
  36  3:30  Queen  
  43  3:36  Overlord  
  43  3:38  Drone  
  44  3:42  Overlord  
  44  3:43  Drone x2  
  46  3:51  Drone x4  
  46  3:54  Drone x2  
  51  3:57  Drone  
  52  4:03  Spore Crawler x2  
  52  4:04  Drone  
  52  4:07  Drone  
  52  4:08  Spore Crawler  
  52  4:10  Drone  
  52  4:15  Drone  
  52  4:16  Drone  
  51  4:19  Drone  
  51  4:25  Overlord  
  51  4:28  Drone x3  
  51  4:29  Drone  
  55  4:31  Drone  
  55  4:34  Drone x3  
  55  4:38  Zergling x2  
  60  4:39  Overlord  
  60  4:40  Drone  
  61  4:47  Drone  
  61  4:49  Queen  
  64  4:57  Overlord  
  64  4:58  Lair  
  62  5:01  Extractor, Drone x3, Evolution Chamber  
  62  5:02  Roach Warren  
  62  5:03  Drone  
  62  5:05  Zergling x4  
  65  5:09  Drone x3  
  65  5:11  Drone x2  
  70  5:14  Overlord  
  70  5:18  Drone, Overlord  
  70  5:19  Drone  
  72  5:22  Drone  
  72  5:29  Zerg Missile Weapons Level 1  
  72  5:32  Drone x5  
  72  5:34  Drone  
  72  5:35  Extractor  
  77  5:36  Extractor  
  76  5:42  Overlord  
  76  5:44  Drone  
  76  5:45  Drone, Hatchery  
  76  5:48  Queen  
  79  5:52  Overlord  
  79  5:55  Overlord  
  79  5:56  Extractor, Glial Reconstitution  
  78  5:57  Extractor  
  78  6:00  Drone  
  78  6:02  Drone x2, Infestation Pit  
  78  6:03  Drone x2  
  81  6:08  Roach  
  81  6:09  Roach x3  
  88  6:21  Queen  
  88  6:23  Roach x6  
  96  6:34  Queen x2  
  96  6:36  Drone  
  101  6:41  Overseer  
  101  6:43  Roach  
  101  6:44  Roach x8  
  101  6:46  Overlord  
  119  6:47  Ravager  
  120  6:57  Queen  
  120  6:58  Overseer  
  122  7:01  Drone  
  122  7:04  Spore Crawler  
  122  7:06  Overlord  
  122  7:12  Queen  
  122  7:13  Queen  
  122  7:16  Queen  
  124  7:24  Roach x3  
  124  7:25  Roach x3  
  124  7:26  Roach x4  
  124  7:28  Overlord  
  144  7:32  Queen  
  144  7:34  Roach x3  
  152  7:39  Overlord x2  
  152  7:40  Overlord  
  151  7:55  Ravager x8  
  159  8:00  Overlord  
  159  8:01  Roach x9  
  159  8:02  Zergling x2  
  178  8:13  Roach x2  
  178  8:14  Overlord, Roach  
  179  8:24  Roach  
  179  8:25  Roach x8  
  186  8:29  Roach x2  
  187  8:35  Roach  
  185  8:48  Ravager  
  185  8:49  Ravager  
  185  8:54  Roach x7  
  181  9:03  Roach x4  
  181  9:04  Roach x2  
  180  9:13  Roach x6  
  158  9:24  Roach x2  
  158  9:25  Roach x9  
  158  9:29  Roach x2  
  174  9:36  Roach x3  
  174  9:38  Extractor, Zerg Missile Weapons Level 2  
  179  9:46  Roach x5  
  179  9:47  Overlord x2  
  189  9:58  Overlord x2  
  187  10:08  Ravager  
  187  10:13  Ravager x2  
  187  10:14  Ravager x4  
  194  10:15  Zergling x12  
  192  10:38  Baneling Nest  
  171  10:43  Roach x14  
  198  11:05  Hatchery  
  198  11:08  Overlord  
  197  11:11  Hatchery  
  197  11:12  Overlord  
  196  11:19  Evolution Chamber  
  196  11:23  Overlord  
  191  11:27  Roach x2  
  191  11:28  Roach x2  
  191  11:29  Centrifical Hooks  
  195  11:41  Roach x4  
  198  11:54  Zerg Melee Weapons Level 1  
  198  11:56  Zerg Ground Armor Level 1  
  198  11:59  Drone x6  
  200  12:22  Spine Crawler, Overlord  
  199  12:23  Spine Crawler  
  199  12:24  Queen  
  186  12:53  Zergling x18  
  187  13:05  Zergling x36  
  199  13:09  Spire  
  199  13:12  Spine Crawler  
  197  13:13  Extractor, Spine Crawler  
  197  13:16  Drone x4  
  191  13:29  Zergling x6  
  191  13:30  Zergling x10  
  179  13:36  Roach  
  179  13:37  Roach x5  
  158  13:47  Overseer x2  
  158  13:48  Zergling x22  
  160  14:00  Drone x9  
  158  14:10  Ravager x2  
  158  14:14  Hatchery  
  158  14:15  Baneling x13  
  157  14:23  Ravager  
  158  14:25  Ravager x2  
  158  14:26  Ravager x10  
  158  14:27  Ravager  
  158  14:28  Ravager x2  
  158  14:29  Ravager x2  
  175  14:34  Zergling x6  
  178  14:40  Drone x4  
  182  14:47  Spore Crawler, Overseer  
  182  14:50  Overseer  
  182  14:52  Roach x3  
  187  14:57  Zerg Melee Weapons Level 2  
  187  15:03  Baneling x4  
  187  15:16  Zergling x22  
  190  15:34  Zergling x26  
  165  15:39  Zergling x2  
  165  15:40  Zergling x6  
  169  15:46  Zerg Ground Armor Level 2  
  163  16:00  Infestor x3  
  163  16:01  Spine Crawler  
  163  16:04  Zergling x6  
  169  16:08  Baneling x9  
  169  16:09  Baneling, Hatchery  
  162  16:14  Overseer  
  161  16:27  Zergling x28  
  161  16:31  Drone x5  
  163  16:40  Zergling x2  
  163  16:41  Zergling x14  
  163  16:43  Zergling x6  
  163  16:44  Zergling x2  
  174  16:51  Zergling x8  
  178  16:55  Baneling x20  
  174  17:02  Zergling x12  
  174  17:22  Zergling x26  
  185  17:27  Overseer  
  185  17:31  Spine Crawler  
  185  17:35  Spine Crawler  
  185  17:36  Spine Crawler  
  182  17:37  Drone x3  
  185  17:48  Zergling x6  
  185  17:49  Zergling x14  
  174  18:08  Zergling x20  
  139  18:14  Roach x3  
  144  18:21  Ravager x3  
  144  18:22  Ravager, Infestor x2  
  144  18:23  Infestor x2  
  156  18:29  Zergling x10  
  156  18:32  Baneling x9  
  156  18:33  Baneling  
  161  18:39  Zergling x10  
  166  18:45  Ravager x3  
  169  18:53  Zergling x2  
  169  18:54  Zergling x10  

Tags
 
Add a new tag
Caveats
  • Supply blocks, unpowered buildings, or Contaminate may cause inaccurate times.
  • Supply counts are checked every 10 seconds.